| TOP OF THE 1ST |
|
Las Vegas 51s batting - Pitching for Indianapolis Indians : RHP Josh Markham
|
|
Pitching: RHP Josh Markham
|
|
|
Batting: LHB Jose Chavez
|
0-0: Ball 1-0: Swinging Strike 1-1: Ball 2-1: Foul Ball, location: 2F 2-2: Strikes out swinging
|
|
Batting: SHB Jason Evans
|
0-0: Called Strike 0-1: Foul Ball, location: 2F 0-2: DOUBLE (Flyball, 8LXD, EV 106.9 MPH)
|
|
Batting: RHB Josh Jones
|
0-0: Ball 1-0: Called Strike 1-1: Ground out 3-1 (Groundball, 34, EV 108.8 MPH) Jason Evans to third
|
|
Batting: RHB Masaya Nakamura
|
0-0: Ball 1-0: Ball 2-0: Called Strike 2-1: SINGLE (Line Drive, 6MD, EV 101.2 MPH) Jason Evans scores
|
|
Batting: RHB Mike Phillips
|
0-0: Ball 1-0: Fielders Choice at 2nd, 6-4 (Groundball, 6, EV 102.5 MPH)
|
| Top of the 1st over - 1 run, 2 hits, 0 errors, 1 left on base; Las Vegas 1 - Indianapolis 0 |
| BOTTOM OF THE 1ST |
|
Indianapolis Indians batting - Pitching for Las Vegas 51s : RHP Brian Wood
|
|
Pitching: RHP Brian Wood
|
|
|
Batting: SHB Francisco Gutierrez
|
0-0: Foul Ball, location: 2F 0-1: Ball 1-1: Ground out 6-3 (Groundball, 6, EV 86.9 MPH)
|
|
Batting: RHB Caleb Russell
|
0-0: Called Strike 0-1: Ground out U3 (Groundball, 13, EV 86.9 MPH)
|
|
Batting: LHB Jorge Quintana
|
0-0: Hit by Pitch
|
|
Batting: SHB Louie Horne
|
0-0: Ball Jorge Quintana steals 2nd base 1-0: Called Strike 1-1: Ball 2-1: Fly out, F9 (Flyball, 9, EV 93.8 MPH)
|
| Bottom of the 1st over - 0 runs, 0 hits, 0 errors, 1 left on base; Las Vegas 1 - Indianapolis 0 |
| TOP OF THE 2ND |
|
Las Vegas 51s batting - Pitching for Indianapolis Indians : RHP Josh Markham
|
|
Batting: RHB Bobby Mabrey
|
0-0: Called Strike 0-1: Swinging Strike 0-2: Strikes out swinging
|
|
Batting: RHB David Stayton
|
0-0: Ball 1-0: Foul Ball, location: 2F 1-1: Called Strike 1-2: Ball 2-2: Foul Ball, location: 2F 2-2: Strikes out swinging
|
|
Batting: LHB Elmo Dreier
|
0-0: Ball 1-0: Ball 2-0: Ground out 6-3 (Groundball, 6, EV 102.5 MPH)
|
| Top of the 2nd over - 0 runs, 0 hits, 0 errors, 0 left on base; Las Vegas 1 - Indianapolis 0 |
| BOTTOM OF THE 2ND |
|
Indianapolis Indians batting - Pitching for Las Vegas 51s : RHP Brian Wood
|
|
Batting: RHB Matt Keef
|
0-0: Foul Ball, location: 2F 0-1: Swinging Strike 0-2: Ball 1-2: Strikes out swinging
|
|
Batting: RHB Chris McCoy
|
0-0: Called Strike 0-1: Swinging Strike 0-2: Foul Ball, location: 2F 0-2: Ball 1-2: Ground out 5-3 (Groundball, 5S, EV 66.2 MPH)
|
|
Batting: RHB Terry Sutherland
|
0-0: Called Strike 0-1: Ball 1-1: Ball 2-1: Fly out, F3 (Line Drive, 3L, EV 64.4 MPH)
|
| Bottom of the 2nd over - 0 runs, 0 hits, 0 errors, 0 left on base; Las Vegas 1 - Indianapolis 0 |
| TOP OF THE 3RD |
|
Las Vegas 51s batting - Pitching for Indianapolis Indians : RHP Josh Markham
|
|
Batting: RHB Gang-sheng Chew
|
0-0: Ball 1-0: Ball 2-0: Called Strike 2-1: Foul Ball, location: 2F 2-2: Ground out 6-3 (Groundball, 6MS, EV 73.1 MPH)
|
|
Batting: LHB Jose Chavez
|
0-0: Ground out U3 (Groundball, 3L, EV 110.6 MPH)
|
|
Batting: SHB Jason Evans
|
0-0: Ground out 6-3 (Groundball, 6M, EV 90.6 MPH)
|
| Top of the 3rd over - 0 runs, 0 hits, 0 errors, 0 left on base; Las Vegas 1 - Indianapolis 0 |
| BOTTOM OF THE 3RD |
|
Indianapolis Indians batting - Pitching for Las Vegas 51s : RHP Brian Wood
|
|
Batting: RHB Danny Gallegos
|
0-0: Foul Ball, location: 2F 0-1: Foul Ball, location: 2F 0-2: Ground out 5-3 (Groundball, 56, EV 97.5 MPH)
|
|
Batting: RHB Slamet Pamungkas
|
0-0: Called Strike 0-1: Swinging Strike 0-2: Strikes out looking
|
|
Batting: SHB Francisco Gutierrez
|
0-0: Ball 1-0: Called Strike 1-1: Ball 2-1: SOLO HOME RUN (Flyball, 9D, EV 98.1 MPH), Distance : 359 ft
|
|
Batting: RHB Caleb Russell
|
0-0: Ball 1-0: Ball 2-0: SINGLE (Groundball, 56D, EV 107.5 MPH) (infield hit)
|
|
Batting: LHB Jorge Quintana
|
0-0: Called Strike 0-1: Swinging Strike 0-2: Strikes out swinging
|
| Bottom of the 3rd over - 1 run, 2 hits, 0 errors, 1 left on base; Las Vegas 1 - Indianapolis 1 |
| TOP OF THE 4TH |
|
Las Vegas 51s batting - Pitching for Indianapolis Indians : RHP Josh Markham
|
|
Batting: RHB Josh Jones
|
0-0: Called Strike 0-1: SINGLE (Groundball, 3S, EV 64.4 MPH) (infield hit)
|
|
Batting: RHB Masaya Nakamura
|
0-0: Ball 1-0: Grounds into double play, 2-4-3 (Groundball, 2L, EV 66.9 MPH)
|
|
Batting: RHB Mike Phillips
|
0-0: Called Strike 0-1: Called Strike 0-2: Ball 1-2: Ball 2-2: Foul Ball, location: 2F 2-2: Strikes out swinging
|
| Top of the 4th over - 0 runs, 1 hit, 0 errors, 0 left on base; Las Vegas 1 - Indianapolis 1 |
| BOTTOM OF THE 4TH |
|
Indianapolis Indians batting - Pitching for Las Vegas 51s : RHP Brian Wood
|
|
Batting: SHB Louie Horne
|
0-0: Fly out, F8 (Line Drive, 8LM, EV 90.0 MPH)
|
|
Batting: RHB Matt Keef
|
0-0: Called Strike 0-1: Ball 1-1: Ground out 6-3 (Groundball, 6D, EV 90.6 MPH)
|
|
Batting: RHB Chris McCoy
|
0-0: Called Strike 0-1: SINGLE (Groundball, 34, EV 97.5 MPH)
|
|
Batting: RHB Terry Sutherland
|
0-0: Ball 1-0: Swinging Strike 1-1: Called Strike 1-2: Foul Ball, location: 2F 1-2: Ball Chris McCoy steals 2nd base 2-2: Ball 3-2: SINGLE (Groundball, P, EV 81.9 MPH) (infield hit) Chris McCoy to third
|
|
Batting: RHB Danny Gallegos
|
0-0: Called Strike 0-1: Swinging Strike 0-2: Ball 1-2: Foul Ball, location: 2F 1-2: Ball 2-2: Foul Ball, location: 2F 2-2: Foul Ball, location: 2F 2-2: Foul Ball, location: 2F 2-2: Strikes out swinging
|
| Bottom of the 4th over - 0 runs, 2 hits, 0 errors, 2 left on base; Las Vegas 1 - Indianapolis 1 |
| TOP OF THE 5TH |
|
Las Vegas 51s batting - Pitching for Indianapolis Indians : RHP Josh Markham
|
|
Batting: RHB Bobby Mabrey
|
0-0: Ball 1-0: Ground out 6-3 (Groundball, 6, EV 80.6 MPH)
|
|
Batting: RHB David Stayton
|
0-0: Foul Ball, location: 2F 0-1: Ball 1-1: Ball 2-1: Foul Ball, location: 2F 2-2: Ground out 4-3 (Groundball, 4, EV 84.4 MPH)
|
|
Batting: LHB Elmo Dreier
|
0-0: Called Strike 0-1: Swinging Strike 0-2: Foul Ball, location: 2F 0-2: Foul Ball, location: 2F 0-2: Ball 1-2: Ground out U3 (Groundball, 3, EV 99.4 MPH)
|
| Top of the 5th over - 0 runs, 0 hits, 0 errors, 0 left on base; Las Vegas 1 - Indianapolis 1 |
| BOTTOM OF THE 5TH |
|
Indianapolis Indians batting - Pitching for Las Vegas 51s : RHP Brian Wood
|
|
Batting: RHB Slamet Pamungkas
|
0-0: Called Strike 0-1: Ball 1-1: Ball 2-1: DOUBLE (Flyball, 8LXD, EV 101.2 MPH)
|
|
Pinch Runner at 2nd Trevor Weareorwear:
|
|
|
Batting: SHB Francisco Gutierrez
|
0-0: Foul Ball, location: 2F 0-1: Ground out 4-3 (Groundball, 4, EV 113.8 MPH) Trevor Weareorwear to third
|
|
Batting: RHB Caleb Russell
|
0-0: SINGLE (Groundball, 56D, EV 99.4 MPH) Trevor Weareorwear scores
|
|
Batting: LHB Jorge Quintana
|
0-0: Fly out, F8 (Line Drive, 78D, EV 94.4 MPH)
|
|
Batting: SHB Louie Horne
|
0-0: Fly out, F9 (Line Drive, 89M, EV 100.0 MPH)
|
| Bottom of the 5th over - 1 run, 2 hits, 0 errors, 1 left on base; Las Vegas 1 - Indianapolis 2 |
| TOP OF THE 6TH |
|
Las Vegas 51s batting - Pitching for Indianapolis Indians : RHP Josh Markham
|
|
Now at SS: Trevor Weareorwear
|
|
|
Batting: RHB Gang-sheng Chew
|
0-0: Called Strike 0-1: Called Strike 0-2: Ball 1-2: Ball 2-2: Foul Ball, location: 2F 2-2: Strikes out looking
|
|
Batting: LHB Jose Chavez
|
0-0: Foul Ball, location: 2F 0-1: Fly out, F8 (Flyball, 8RXD, EV 103.1 MPH)
|
|
Batting: SHB Jason Evans
|
0-0: Called Strike 0-1: Ground out U3 (Groundball, 3S, EV 86.2 MPH)
|
| Top of the 6th over - 0 runs, 0 hits, 0 errors, 0 left on base; Las Vegas 1 - Indianapolis 2 |
| BOTTOM OF THE 6TH |
|
Indianapolis Indians batting - Pitching for Las Vegas 51s : RHP Brian Wood
|
|
Batting: RHB Matt Keef
|
0-0: Called Strike 0-1: Ball 1-1: Ball 2-1: Ball 3-1: Foul Ball, location: 2F 3-2: Strikes out looking
|
|
Batting: RHB Chris McCoy
|
0-0: Ball 1-0: Ground out 5-3 (Groundball, 56, EV 104.4 MPH)
|
|
Batting: RHB Terry Sutherland
|
0-0: Ball 1-0: Ball 2-0: Called Strike 2-1: Foul Ball, location: 2F 2-2: Foul Ball, location: 2F 2-2: Strikes out looking
|
| Bottom of the 6th over - 0 runs, 0 hits, 0 errors, 0 left on base; Las Vegas 1 - Indianapolis 2 |
| TOP OF THE 7TH |
|
Las Vegas 51s batting - Pitching for Indianapolis Indians : RHP Josh Markham
|
|
Batting: RHB Josh Jones
|
0-0: Called Strike 0-1: Swinging Strike 0-2: Strikes out looking
|
|
Batting: RHB Masaya Nakamura
|
0-0: Called Strike 0-1: Ball 1-1: Ball 2-1: Foul Ball, location: 2F 2-2: Ball 3-2: SINGLE (Groundball, 56D, EV 101.2 MPH)
|
|
Batting: RHB Mike Phillips
|
0-0: Foul Ball, location: 2F 0-1: Ball 1-1: Swinging Strike 1-2: Ball 2-2: Foul Ball, location: 2F 2-2: Foul Ball, location: 2F 2-2: Ball 3-2: Foul Ball, location: 2F 3-2: Strikes out swinging
|
|
Pitching: LHP Matt Huston
|
|
|
Batting: RHB Bobby Mabrey
|
0-0: Foul Ball, location: 2F 0-1: Ball 1-1: Called Strike 1-2: Foul Ball, location: 2F 1-2: Foul Ball, location: 2F 1-2: Ball 2-2: Foul Ball, location: 2F 2-2: Fly out, F9 (Flyball, 9LD, EV 109.4 MPH)
|
| Top of the 7th over - 0 runs, 1 hit, 0 errors, 1 left on base; Las Vegas 1 - Indianapolis 2 |
| BOTTOM OF THE 7TH |
|
Indianapolis Indians batting - Pitching for Las Vegas 51s : RHP Brian Wood
|
|
Pitching: RHP Hugo Valentin
|
|
|
Batting: RHB Danny Gallegos
|
0-0: Foul Ball, location: 2F 0-1: Foul Ball, location: 2F 0-2: Foul Ball, location: 2F 0-2: Ball 1-2: Ball 2-2: Foul Ball, location: 2F 2-2: Ball 3-2: SINGLE (Groundball, 6S, EV 75.6 MPH) (infield hit)
|
|
Batting: SHB Trevor Weareorwear
|
0-0: Ball 1-0: Swinging Strike 1-1: Called Strike 1-2: Strikes out swinging
|
|
Batting: SHB Francisco Gutierrez
|
0-0: Ball Danny Gallegos is caught stealing 2nd base 2-6 1-0: Ball 2-0: Called Strike 2-1: Ball 3-1: Base on Balls
|
|
Batting: RHB Caleb Russell
|
0-0: Ball 1-0: Fly out, F9 (Flyball, 9LMF, EV 106.2 MPH)
|
| Bottom of the 7th over - 0 runs, 1 hit, 0 errors, 1 left on base; Las Vegas 1 - Indianapolis 2 |
| TOP OF THE 8TH |
|
Las Vegas 51s batting - Pitching for Indianapolis Indians : LHP Matt Huston
|
|
Now at C: Jorge Cruz
|
|
|
Now at 1B: Matt Keef
|
|
|
Batting: RHB David Stayton
|
0-0: Called Strike 0-1: Called Strike 0-2: Ball 1-2: Ball 2-2: Strikes out swinging
|
|
Pinch Hitting: LHB Adam Hairston
|
0-0: Ground out U3 (Groundball, 3, EV 104.4 MPH)
|
|
Batting: RHB Gang-sheng Chew
|
0-0: Called Strike 0-1: Swinging Strike 0-2: Foul Ball, location: 2F 0-2: Ball 1-2: Strikes out swinging
|
| Top of the 8th over - 0 runs, 0 hits, 0 errors, 0 left on base; Las Vegas 1 - Indianapolis 2 |
| BOTTOM OF THE 8TH |
|
Indianapolis Indians batting - Pitching for Las Vegas 51s : RHP Hugo Valentin
|
|
Now at SS: Adam Hairston
|
|
|
Batting: LHB Jorge Quintana
|
0-0: Ground out 4-3 (Groundball, 4S, EV 68.1 MPH)
|
|
Batting: SHB Louie Horne
|
0-0: Ball 1-0: SINGLE (Groundball, 3D, EV 95.0 MPH)
|
|
Batting: RHB Matt Keef
|
0-0: Fly out, F9 (Flyball, 89D, EV 77.5 MPH)
|
|
Batting: RHB Chris McCoy
|
0-0: Called Strike 0-1: Ball 1-1: Ball 2-1: Ball 3-1: Fielders Choice at 2nd, 5-4 (Groundball, 56, EV 86.2 MPH)
|
| Bottom of the 8th over - 0 runs, 1 hit, 0 errors, 1 left on base; Las Vegas 1 - Indianapolis 2 |
| TOP OF THE 9TH |
|
Las Vegas 51s batting - Pitching for Indianapolis Indians : LHP Matt Huston
|
|
Pitching: RHP Kody Mason
|
|
|
Batting: LHB Jose Chavez
|
0-0: Swinging Strike 0-1: Ball 1-1: Ball 2-1: Ball 3-1: Foul Ball, location: 2F 3-2: Ground out 5-3 (Groundball, 56, EV 85.0 MPH)
|
|
Batting: SHB Jason Evans
|
0-0: Ball 1-0: Foul Ball, location: 2F 1-1: Ball 2-1: Foul Ball, location: 2F 2-2: Ball 3-2: Foul Ball, location: 2F 3-2: Strikes out swinging
|
|
Batting: RHB Josh Jones
|
0-0: Called Strike 0-1: Ball 1-1: Swinging Strike 1-2: Strikes out swinging
|
| Top of the 9th over - 0 runs, 0 hits, 0 errors, 0 left on base; Las Vegas 1 - Indianapolis 2 |
|